 Dungeon Crawl Stone Soup version 0.27.1-2-g3b301248ec (webtiles) character file.

Game seed: 952348751536261121

3 Descartes the Magician (level 1, 0/10 HPs)
             Began as a Deep Elf Wanderer on Oct 3, 2021.
             Slain by a jackal (1 damage)
             ... on level 1 of the Dungeon.
             The game lasted 00:00:38 (152 turns).

Descartes the Magician (Deep Elf Wanderer)           Turns: 152, Time: 00:00:38

Health: 0/10       AC:  2    Str:  7    XL:     1   Next: 41%
Magic:  3/9        EV: 11    Int: 18    God:
Gold:   13         SH:  0    Dex: 14    Spells: 10/11 levels left

rFire    . . .     SeeInvis .   a - +0 dagger
rCold    . . .     Faith    .   (no shield)
rNeg     . . .     Spirit   .   c - +0 robe
rPois    .         Reflect  .   (no helmet)
rElec    .         Harm     .   (no cloak)
rCorr    .         Rampage  .   (no gloves)
Will     .....                  (no boots)
Stlth    ++........             (no amulet)
HPRegen  0.03/turn              (no ring)
MPRegen  0.11/turn              (no ring)

@: no status effects
A: no striking features
a: no special abilities


You were on level 1 of the Dungeon.
You visited 1 branch of the dungeon, and saw 1 of its levels.

You collected 13 gold pieces.

Inventory:

Hand Weapons
 a - a +0 dagger (weapon)
Missiles
 e - 3 stones
Armour
 c - a +0 robe (worn)
Scrolls
 d - a scroll of teleportation
Miscellaneous
 b - a piece from Xom's chessboard (15/15)


   Skills:
 - Level 1.2 Stealth
 - Level 5.8 Spellcasting
 + Level 1.0 Conjurations
 - Level 1.3 Hexes
 - Level 1.1 Transmutations
 - Level 2.1 Ice Magic
 - Level 1.1 Evocations


You had 10 spell levels left.
You knew the following spells:

 Your Spells              Type           Power      Damage    Failure   Level
a - Magic Dart            Conj           36%        1d4       8%          1

Your spell library contained the following spells:

 Spells                   Type           Power      Damage    Failure   Level
 Slow                     Hex            10%        N/A       11%         2
 Blink                    Tloc           N/A        N/A       19%         2
 Call Imp                 Summ           5%         N/A       19%         2
 Conjure Flame            Conj/Fire      7%         6-21      28%         3
 Mephitic Cloud           Conj/Pois/Air  6%         N/A       32%         3


Dungeon Overview and Level Annotations

Branches:
Dungeon (1/15)

Altars:


Message History

Press: ? - help, Shift-Dir - straight line, f - jackal
Aim: a jackal (100% to hit)
The magic dart hits the jackal.
The jackal is moderately wounded.
Casting: Magic Dart (safe; 8% risk of failure)
Confirm with . or Enter, or press ? or * to list all spells.
Aiming: Magic Dart (safe; 8% risk of failure)
Press: ? - help, Shift-Dir - straight line, f - jackal
Aim: a jackal (100% to hit)
The magic dart hits the jackal.
The jackal is almost dead.
The jackal bites you.
Casting: Magic Dart (safe; 8% risk of failure)
Confirm with . or Enter, or press ? or * to list all spells.
You don't have enough magic to cast this spell.
Unknown command.
Casting: Magic Dart (safe; 8% risk of failure)
Confirm with . or Enter, or press ? or * to list all spells.
You don't have enough magic to cast this spell.
Unknown command.
Casting: Magic Dart (safe; 8% risk of failure)
Confirm with . or Enter, or press ? or * to list all spells.
You don't have enough magic to cast this spell.
Unknown command.
Casting: Magic Dart (safe; 8% risk of failure)
Confirm with . or Enter, or press ? or * to list all spells.
You don't have enough magic to cast this spell.
Your magical contamination has completely faded away.
The jackal bites you. The jackal bites you. The jackal bites you.
The jackal bites you.
* * * LOW HITPOINT WARNING * * *
The jackal closely misses you. The jackal barely misses you.
The jackal bites you.
* * * LOW HITPOINT WARNING * * *
The jackal barely misses you. The jackal bites you.
You die...

###########
###........<#
#....########
#............
#............ ..
#.#
#.8..#######..8. .
..#
#....#hktSk#....
.. #.#
#.8..#######..8.
... #.#
#...@h..........
.... ...
###.8.......8.#
.....##.#
####.8K8.####
.....K..# ###.###
#.# #.# #.#.# #.#
#.#.# #h# #.#.###
#.#
#.#...##########.#


You could see a jackal and a kobold.

Vanquished Creatures
  2 jackals (D:1)
  A kobold (D:1)
3 creatures vanquished.

Notes
Turn   | Place    | Note
-------+----------+-------------------------------------------
     0 | D:1      | Descartes the Deep Elf Wanderer began the quest for the
                  | Orb.
     0 | D:1      | Descartes set off with the following items: a +0 dagger, a
                  | piece from Xom's chessboard (15/15), a +0 robe, a scroll of
                  | teleportation; and the following spell memorised: Magic
                  | Dart; and the following spells available to memorise: Slow,
                  | Blink, Call Imp, Conjure Flame, Mephitic Cloud
     0 | D:1      | Reached XP level 1. HP: 10/10 MP: 9/9
     6 | D:1      | Noticed a black bear
     6 | D:1      | Noticed a rime drake
     6 | D:1      | Noticed a snapping turtle
     7 | D:1      | Noticed an anaconda
     7 | D:1      | Noticed a lindwurm
   120 | D:1      | Reached skill level 1 in Conjurations
   152 | D:1      | Slain by a jackal

Illustrated notes

Levels and vault maps discovered:
D:1:      onia_arrival_zoo_common, layout_loops_ring, minivault_11,
          lemuel_flame_loot_1

Skill      XL: |  1 |
---------------+----+-----
Conjurations   | 1 |  1.0
Stealth        | |  1.2
Spellcasting   | |  5.8
Hexes          | |  1.3
Transmutations | |  1.1
Ice Magic      | |  2.1
Evocations     | |  1.1

Action                   || total
-------------------------++-------
 Cast: Magic Dart        ||    11
Dodge: Dodged            ||     3
